 Dungeon Crawl Stone Soup version 0.31-a0-821-gd5cc6f37b9 (webtiles) character file.

Game seed: 6229927263314366622

93129 qw the Marksgargoyle (level 16, -2/107 HPs)
             Began as a Gargoyle Hunter on Sept 23, 2023.
             Was an Elder of Okawaru.
             Slain by a shambling mangrove (6 damage)
             ... on level 1 of the Swamp.
             The game lasted 00:12:32 (23728 turns).

qw the Marksgargoyle (Gargoyle Hunter)             Turns: 23728, Time: 00:12:33

Health: -2/107     AC: 32    Str: 18    XL:     16   Next: 7%
Magic:  23/23      EV: 22    Int: 18    God:    Okawaru [****..]
Gold:   162        SH:  0    Dex: 21    Spells: 15/15 levels left

rFire   . . .        n - +3 longbow (heavy)
rCold   x . .        (shield currently unavailable)
rNeg    + . .        u - +4 ring mail of Judumy {rC- Str+3 Int+6 Dex+2}
rPois   inf          i - +1 helmet
rElec   +            k - +0 cloak
rCorr   .            v - +0 pair of gloves
SInv    +            d - +1 pair of boots
Will    +....        z - amulet of faith
Stlth   +++          o - +5 ring of evasion
HPRegen 0.37/turn    r - ring of see invisible
MPRegen 0.18/turn

%: faith
@: about to teleport, heroic, grasped by roots, flying, constricted
A: sickness immunity, AC +12, big wings, negative energy resistance 1,
electricity resistance, torment resistance 1, petrification resistance
a: Renounce Religion, Heroism, Finesse


You were on level 1 of the Swamp.
You worshipped Okawaru.
Okawaru was greatly pleased with you.
You visited 5 branches of the dungeon, and saw 24 of its levels.
You visited 1 bazaar.
You also visited: Sewer and Gauntlet.

You collected 2275 gold pieces.
You spent 2113 gold pieces at shops.


Innate Abilities, Weirdness & Mutations

You are immune to sickness and miasma.
Your stone body is resilient. (AC +12)
You are immune to poison.
Your large and strong wings let you fly.
You resist negative energy. (rN+)
You are resistant to electric shocks. (rElec)
You are resistant to unholy torment.
You are immune to petrification.


   Skills:
 + Level 14.8(19.8) Fighting
 - Level 20.0(25.0) Ranged Weapons
 - Level 9.0(14.0) Armour
 - Level 8.0(13.0) Dodging
 - Level 1.1(6.1) Stealth
 - Level 10.1 Invocations


You had 15 spell levels left.
You didn't know any spells.
Your spell library was empty.

Inventory:

Hand Weapons
 n - a +3 heavy longbow (weapon)
Armour
 d - a +1 pair of boots (worn)
 i - a +1 helmet (worn)
 k - a +0 cloak (worn)
 q - a +0 leather armour of fire resistance
 u - the +4 ring mail of Judumy (worn) {rC- Str+3 Int+6 Dex+2}
   (You found it on level 12 of the Dungeon)

   Str+3:     It affects your strength (+3).
   Int+6:     It affects your intelligence (+6).
   Dex+2:     It affects your dexterity (+2).
   rC-:       It makes you vulnerable to cold.
 v - a +0 pair of gloves (worn)
Jewellery
 b - the amulet "Lalos" {Faith Harm rC+ Dex+3 Slay+2}
   (You found it on level 4 of the Dungeon)

   [amulet of faith]

   Faith:     It allows you to gain divine favour quickly.
   Dex+3:     It affects your dexterity (+3).
   Slay+2:    It affects your accuracy & damage with ranged weapons and melee
   (+2).
   rC+:       It protects you from cold.
   Harm:      It increases damage dealt and taken.
 c - an amulet of reflection
 m - a ring of protection from fire
 o - a +5 ring of evasion (left hand)
 r - a ring of see invisible (right hand)
 x - a +4 ring of protection
 z - an amulet of faith (around neck)
Scrolls
 a - 4 scrolls of identify
 j - 9 scrolls of teleportation
Potions
 e - 3 potions of might
 f - 4 potions of enlightenment
 g - 5 potions of curing
 h - 3 potions of cancellation
 l - 2 potions of magic
 p - 3 potions of haste
 t - a potion of mutation
 w - a potion of resistance

Dungeon Overview and Level Annotations

Branches:
Dungeon (15/15)            Temple (1/1) D:4            Lair (5/5) D:11
  Swamp (1/4) Lair:2        Snake (0/4) Lair:2        Slime (0/5) Lair:5
    Orc (2/2) D:11            Elf (0/3) Orc:2        Vaults (0/5) D:13
 Depths (0/4) D:15          Sewer (visited)         Gauntlet (visited)

Altars:
Ashenzari
Cheibriados
Dithmenos
Elyvilon
Fedhas
Gozag
Hepliaklqana
Kikubaaqudgha
Makhleb
Nemelex Xobeh
Okawaru
Qazlal
Ru
Sif Muna
Trog
Uskayaw
Vehumet
Wu Jian
Xom
Yredelemnul
Zin
The Shining One
Jiyva

Shops:
D:4 *   D:14 ((*[   D:15 *   Orc:2 [((:

Portals:
Trove: D:13 (give +5 demon whip)

Annotations:
D:14 1 runed translucent door, qw's ghost, journeyman GrHu
D:15 3 runed translucent doors, Epsin's ghost, journeyman MiFi
Lair:4 2 transporters
Lair:5 1 runed translucent door
Orc:2 3 runed translucent doors, qw's ghost, adept GrFi


Message History

The eleionoma is heavily wounded.
You are hit by a branch!
Tree limbs sway around you.
You are hit by a branch.
The vampire mosquito closely misses you.
The vampire mosquito barely misses you. The eleionoma completely misses you.
The vampire mosquito misses you.
You shoot an arrow. The arrow hits the eleionoma.
The eleionoma is heavily wounded.
A tree reaches out but misses you.
The vampire mosquito closely misses you.
The shambling mangrove completely misses you.
The eleionoma closely misses you.
The vampire mosquito completely misses you.
You shoot an arrow. The arrow hits the eleionoma!!!
The eleionoma is almost dead.
A tree reaches out and hits you!
The vampire mosquito completely misses you.
The eleionoma hurls a spray of splinters at you.
The spray of wooden splinters hits you but does no damage.
Roots burst forth from the earth!
The grasping roots grab you! The grasping roots constrict you.
23727 ||| READING 10 scrolls of teleportation.
As you read the scroll of teleportation, it crumbles to dust.
You feel strangely unstable. A tree reaches out and hits you!
The vampire mosquito bites you but does no damage.
The vampire mosquito completely misses you.
The eleionoma touches a tree and draws upon its vitality.
The eleionoma is healed.
The shambling mangrove completely misses you.
The grasping roots constrict you!
You shoot an arrow. The arrow hits the eleionoma!!!
The eleionoma is almost dead.
You are waved at by a branch.
The vampire mosquito closely misses you.
The eleionoma touches a tree and draws upon its vitality.
The eleionoma is healed.
The shambling mangrove hits you.
You die...

.~~... ....~.
7.... 7...77
7..~.77 77.
..y~77 ~7~.~
7if.777777~...~
7@Ry..~.7~....~
777~.~.~~....¤~
77......~...7.~.
7~.?.~~.........
77......~..~~...
7.....<~~~~...~
7.~~..~~~~..7.~
7~~~¤.¤~~~~.7~.~
77~~~.~~~~.~7 ..


You could see a shambling mangrove, an eleionoma, a spriggan druid and 2 vampire
mosquitoes.

Vanquished Creatures
  An eleionoma (Lair:2)
  Nessos (Lair:3)
  A minotaur (Gauntlet)
  A blizzard demon (Gauntlet)
  An ettin (D:15)
  2 fire dragons
  An alligator (Swamp:1)
  7 hydras
  2 boulder beetles
  Erica (D:8)
  2 two-headed ogres (D:10)
  4 centaur warriors
  6 death yaks (Lair:3)
  A vampire mage (D:13)
  A tengu warrior (D:15)
  3 orc high priests (Orc:2)
  3 large abominations (Gauntlet)
  Nergalle (D:12)
  Sonja (D:11)
  A skeletal warrior (D:13)
  2 deep trolls (D:15)
  A swamp dragon (Lair:5)
  6 slime creatures
  A lindwurm (Lair:5)
  2 wizards (D:15)
  A deep elf archer (D:13)
  5 orc knights
  2 necromancers (D:15)
  2 deep elf pyromancers
  5 orc sorcerers
  An oklob plant (Lair:1)
  A salamander (Lair:2)
  20 ugly things
  4 cyclopes
  A manticore (D:9)
  Maurice (D:9)
  11 elephants
  Joseph (D:9)
  5 black mambas
  5 torpor snails (Lair:5)
  9 cane toads
  A gargoyle (D:12)
  Jeremiah (D:8)
  4 centaur skeletons (D:13)
  An unseen horror (D:12)
  3 ice devils (Gauntlet)
  9 komodo dragons
  7 yaktaurs
  A kobold demonologist (D:13)
  5 rime drakes
  3 freezing wraiths (D:14)
  2 polar bears
  4 trolls
  4 tyrant leeches (Lair:5)
  Prince Ribbit (D:8)
  14 blink frogs
  4 dream sheep (Lair:4)
  8 hornets
  2 shadows
  41 yaks
  8 wyverns
  A vampire (D:11)
  A wraith (D:11)
  3 small abominations (Gauntlet)
  4 basilisks
  4 steam dragons
  2 vampire mosquitoes (D:12)
  A warg (Orc:1)
  A naga (Lair:2)
  2 acid dragons
  14 water moccasins
  A swamp drake (Lair:5)
  23 orc warriors
  4 sky beasts
  3 black bears
  3 ice beasts
  11 centaurs
  3 ogres
  16 wolves
  3 phantoms
  3 kobold brigands (D:13)
  4 earth elementals
  A gnoll sergeant (D:8)
  8 scorpions
  14 bullfrogs
  6 wights
  12 killer bees (D:9)
  A howler monkey (D:8)
  5 electric eels
  15 jellies
  2 gnoll boudas
  6 hounds
  14 orc priests
  2 sleepcaps
  27 orc wizards
  4 iguanas (Lair:5)
  6 hell rats (Lair:5)
  17 gnolls
  9 adders
  A white imp (D:6)
  3 worms
  3 dart slugs (D:4)
  56 orcs
  10 bats
  13 endoplasms
  16 giant cockroaches
  6 goblins
  4 hobgoblins
  11 jackals
  6 kobolds
  14 quokkas
  18 ball pythons
  10 frilled lizards
  21 rats
698 creatures vanquished.

Notes
Turn   | Place    | Note
-------+----------+-------------------------------------------
     0 | D:1      | qw the Gargoyle Hunter began the quest for the Orb.
     0 | D:1      | Reached XP level 1. HP: 12/12 MP: 1/1
     0 | D:1      | 0 ||| qw: Version: 0.3-a-83-gcd0e7d8
     0 | D:1      | 0 ||| qw: Game counter: 1762
     0 | D:1      | 0 ||| qw: Melee chars always use a shield: true
     0 | D:1      | 0 ||| qw: God list: Okawaru
     0 | D:1      | 0 ||| qw: Allow faded altars: false
     0 | D:1      | 0 ||| qw: Do Orc after clearing Dungeon:15 true
     0 | D:1      | 0 ||| qw: Do second Lair branch before Depths: true
     0 | D:1      | 0 ||| qw: Lair rune preference: random
     0 | D:1      | 0 ||| qw: Goals: Normal
     0 | D:1      | 0 ||| PLANNING D:1-11
   153 | D:1      | Reached XP level 2. HP: 17/17 MP: 2/2
   567 | D:1      | Reached XP level 3. HP: 21/21 MP: 3/3
   636 | D:1      | Reached skill level 5 in Ranged Weapons
   827 | D:1      | 827 ||| UPGRADING to +1 pair of boots.
   832 | D:1      | 832 ||| READING 5 scrolls labelled OSICYRRYSI.
   833 | D:1      | 833 ||| READING 2 scrolls labelled WUEQAUNLALIU.
   834 | D:1      | 834 ||| READING 4 scrolls of identify.
   834 | D:1      | 834 ||| IDENTIFYING white potion
   835 | D:1      | 835 ||| READING 3 scrolls of identify.
   835 | D:1      | 835 ||| IDENTIFYING sapphire potion
   836 | D:1      | 836 ||| DROPPING scroll of butterflies.
   837 | D:1      | 837 ||| DROPPING scroll of poison.
  1122 | D:2      | Reached skill level 3 in Fighting
  1144 | D:2      | Reached XP level 4. HP: 28/28 MP: 4/4
  1324 | D:2      | Found a faded altar of an unknown god.
  1718 | D:2      | 1718 ||| READING scroll labelled TEPADWUSIU.
  1820 | D:3      | Found a sacrificial altar of Ru.
  1845 | D:3      | Noticed a scorpion
  1855 | D:3      | Killed a scorpion
  1856 | D:3      | Reached skill level 6 in Ranged Weapons
  1856 | D:3      | Reached XP level 5. HP: 27/32 MP: 5/5
  1903 | D:3      | Reached skill level 1 in Armour
  1933 | D:3      | Found a broken altar of Ashenzari.
  2321 | D:3      | Found an ornate altar of the Wu Jian Council.
  2597 | D:3      | 2597 ||| UPGRADING to +0 ring mail of willpower.
  2607 | D:3      | 2607 ||| DROPPING +0 leather armour.
  2608 | D:3      | 2608 ||| UPGRADING to +0 helmet.
  2613 | D:3      | 2613 ||| READING scroll labelled MOOF ANUERETU.
  2614 | D:3      | 2614 ||| READING scroll labelled DITSEU VIANUI.
  2807 | D:4      | Reached XP level 6. HP: 38/38 MP: 6/6
  2821 | D:4      | Identified the amulet "Lalos" {Faith Harm rC+ Dex+3 Slay+2}
  3053 | D:4      | Found Ughurph's Assorted Antiques.
  3066 | D:4      | 3066 ||| BUYING scroll labelled ALEBODIE XUTOU (25 gold).
  3066 | D:4      | Bought a scroll labelled ALEBODIE XUTOU for 25 gold pieces
  3066 | D:4      | 3066 ||| BUYING scroll labelled ALEBODIE XUTOU (25 gold).
  3066 | D:4      | Bought a scroll labelled ALEBODIE XUTOU for 25 gold pieces
  3066 | D:4      | 3066 ||| BUYING scroll of identify (50 gold).
  3066 | D:4      | Bought a scroll of identify for 50 gold pieces
  3066 | D:4      | 3066 ||| BUYING scroll of teleportation (75 gold).
  3066 | D:4      | Bought a scroll of teleportation for 75 gold pieces
  3251 | D:4      | Found a staircase to the Ecumenical Temple.
  3252 | D:4      | 3252 ||| PLANNING TEMPLE
  3252 | D:4      | 3252 ||| UPGRADING to amulet "Lalos" {Faith Harm rC+ Dex+3
                  | Slay+2}.
  3257 | D:4      | 3257 ||| READING 2 scrolls labelled ALEBODIE XUTOU.
  3258 | D:4      | 3258 ||| DROPPING scroll of blinking.
  3265 | Temple   | Entered the Ecumenical Temple
  3266 | Temple   | 3266 ||| PLANNING OKAWARU WORSHIP
  3284 | Temple   | Became a worshipper of Warmaster Okawaru
  3285 | Temple   | 3285 ||| PLANNING D:1-11
  3496 | D:4      | Noticed a sky beast
  3508 | D:4      | Killed a sky beast
  3509 | D:4      | Reached skill level 7 in Ranged Weapons
  3838 | D:5      | Entered Level 5 of the Dungeon
  3839 | D:5      | 3839 ||| PLANNING SEWER
  3847 | D:5      | Reached XP level 7. HP: 40/43 MP: 7/7
  3848 | D:5      | Reached * piety under Okawaru
  3943 | D:5      | Reached skill level 1 in Invocations
  3954 | D:5      | 3954 ||| FLEEEEING.
  3955 | D:5      | 3955 ||| FLEEEEING.
  3956 | D:5      | 3956 ||| FLEEEEING.
  3958 | D:5      | 3958 ||| FLEEEEING.
  3959 | D:5      | 3959 ||| FLEEEEING.
  3960 | D:5      | 3960 ||| FLEEEEING.
  4034 | D:5      | 4034 ||| INVOKING Heroism.
  4110 | D:5      | Found a glowing drain.
  4116 | D:5      | 4116 ||| DROPPING +1 hat.
  4117 | D:5      | 4117 ||| READING 4 scrolls of identify.
  4117 | D:5      | 4117 ||| IDENTIFYING brown potion
  4118 | D:5      | 4118 ||| DROPPING potion of attraction.
  4126 | Sewer    | Entered a sewer
  4158 | Sewer    | 4158 ||| Stepping ~*~*~tactically~*~*~ (water).
  4162 | Sewer    | 4162 ||| Stepping ~*~*~tactically~*~*~ (water).
  4186 | Sewer    | Reached skill level 3 in Invocations
  4192 | Sewer    | 4192 ||| Stepping ~*~*~tactically~*~*~ (water).
  4202 | Sewer    | 4202 ||| Stepping ~*~*~tactically~*~*~ (water).
  4204 | Sewer    | 4204 ||| Stepping ~*~*~tactically~*~*~ (water).
  4209 | Sewer    | 4209 ||| Stepping ~*~*~tactically~*~*~ (water).
  4224 | Sewer    | 4224 ||| Stepping ~*~*~tactically~*~*~ (water).
  4272 | Sewer    | 4272 ||| Stepping ~*~*~tactically~*~*~ (water).
  4298 | Sewer    | 4298 ||| Stepping ~*~*~tactically~*~*~ (water).
  4301 | Sewer    | 4301 ||| Stepping ~*~*~tactically~*~*~ (water).
  4320 | Sewer    | 4320 ||| Stepping ~*~*~tactically~*~*~ (water).
  4327 | Sewer    | 4327 ||| Stepping ~*~*~tactically~*~*~ (water).
  4339 | Sewer    | 4339 ||| Stepping ~*~*~tactically~*~*~ (water).
  4367 | Sewer    | 4367 ||| Stepping ~*~*~tactically~*~*~ (water).
  4371 | Sewer    | 4371 ||| Stepping ~*~*~tactically~*~*~ (water).
  4379 | Sewer    | Reached XP level 8. HP: 45/48 MP: 10/10
  4386 | Sewer    | Reached ** piety under Okawaru
  4409 | Sewer    | Identified the ring of the Mertaur {Fly rElec rC+ rN+
                  | Dex-3}
  4414 | Sewer    | 4414 ||| DROPPING ring of the Mertaur {Fly rElec rC+ rN+
                  | Dex-3}.
  4429 | D:5      | 4429 ||| PLANNING D:1-11
  4434 | D:5      | 4434 ||| INVOKING Heroism.
  4440 | D:5      | Reached skill level 8 in Ranged Weapons
  4501 | D:5      | 4501 ||| INVOKING Heroism.
  4721 | D:5      | 4721 ||| INVOKING Heroism.
  4759 | D:5      | 4759 ||| INVOKING Heroism.
  4765 | D:5      | Reached skill level 9 in Ranged Weapons
  4809 | D:5      | 4809 ||| SWAPPING to +0 orcbow.
  4810 | D:5      | 4810 ||| DROPPING +0 shortbow.
  4867 | D:5      | 4867 ||| DROPPING amulet of guardian spirit.
  4921 | D:6      | 4921 ||| INVOKING Heroism.
  4940 | D:6      | Reached skill level 6 in Fighting
  4941 | D:6      | 4941 ||| INVOKING Heroism.
  4970 | D:6      | 4970 ||| INVOKING Heroism.
  4974 | D:6      | Reached XP level 9. HP: 55/55 MP: 9/12
  5015 | D:6      | Reached skill level 10 in Ranged Weapons
  5139 | D:6      | Reached skill level 3 in Dodging
  5254 | D:6      | 5254 ||| INVOKING Heroism.
  5265 | D:6      | Reached skill level 3 in Armour
  5511 | D:6      | Reached *** piety under Okawaru
  5591 | D:6      | 5591 ||| READING 3 scrolls of identify.
  5591 | D:6      | 5591 ||| IDENTIFYING viscous blue potion
  5592 | D:6      | 5592 ||| READING 2 scrolls of identify.
  5592 | D:6      | 5592 ||| IDENTIFYING lumpy inky potion
  5601 | D:7      | 5601 ||| INVOKING Heroism.
  5602 | D:7      | 5602 ||| STAIRDANCE
  5618 | D:7      | 5618 ||| STAIRDANCE
  5631 | D:7      | 5631 ||| STAIRDANCE
  5636 | D:7      | 5636 ||| INVOKING Heroism.
  5637 | D:7      | 5637 ||| STAIRDANCE
  5685 | D:7      | 5685 ||| INVOKING Heroism.
  5693 | D:7      | 5693 ||| STAIRDANCE
  5713 | D:7      | 5713 ||| INVOKING Heroism.
  5714 | D:7      | 5714 ||| STAIRDANCE
  5730 | D:7      | 5730 ||| INVOKING Heroism.
  5731 | D:7      | 5731 ||| STAIRDANCE
  5746 | D:7      | 5746 ||| INVOKING Heroism.
  5747 | D:7      | 5747 ||| STAIRDANCE
  5765 | D:7      | 5765 ||| INVOKING Heroism.
  5766 | D:7      | 5766 ||| STAIRDANCE
  5896 | D:7      | Reached skill level 11 in Ranged Weapons
  5982 | D:7      | 5982 ||| INVOKING Heroism.
  6124 | D:7      | 6124 ||| INVOKING Heroism.
  6140 | D:7      | Reached XP level 10. HP: 64/64 MP: 11/13
  6259 | D:7      | 6259 ||| READING 2 scrolls labelled NEIFAZU IPOTUO.
  6260 | D:7      | 6260 ||| READING 2 scrolls of identify.
  6260 | D:7      | 6260 ||| IDENTIFYING bubbling puce potion
  6261 | D:7      | 6261 ||| DROPPING scroll of fog.
  6262 | D:7      | 6262 ||| DROPPING potion of berserk rage.
  6276 | D:8      | 6276 ||| STAIRDANCE
  6286 | D:8      | 6286 ||| STAIRDANCE
  6311 | D:8      | 6311 ||| STAIRDANCE
  6430 | D:8      | Noticed Jeremiah
  6444 | D:8      | 6444 ||| INVOKING Heroism.
  6449 | D:8      | Killed Jeremiah
  6582 | D:8      | Reached skill level 12 in Ranged Weapons
  6584 | D:8      | Noticed Erica
  6585 | D:8      | 6585 ||| INVOKING Heroism.
  6600 | D:8      | Killed Erica
  6629 | D:8      | 6629 ||| INVOKING Heroism.
  6642 | D:8      | 6642 ||| FLEEEEING.
  6649 | D:8      | 6649 ||| INVOKING Heroism.
  6743 | D:8      | Noticed Prince Ribbit
  6747 | D:8      | Killed Prince Ribbit
  6944 | D:8      | 6944 ||| INVOKING Heroism.
  7061 | D:8      | 7061 ||| DRINKING 2 orange potions.
  7062 | D:8      | 7062 ||| DRINKING 3 fuming golden potions.
  7063 | D:8      | 7063 ||| DROPPING potion of degeneration.
  7085 | D:9      | Noticed Joseph
  7087 | D:9      | 7087 ||| FLEEEEING.
  7088 | D:9      | 7088 ||| FLEEEEING.
  7089 | D:9      | 7089 ||| FLEEEEING.
  7090 | D:9      | 7090 ||| FLEEEEING.
  7093 | D:9      | 7093 ||| FLEEEEING.
  7094 | D:9      | 7094 ||| STAIRDANCE
  7174 | D:9      | Noticed Maurice
  7175 | D:9      | 7175 ||| RETREEAATING.
  7176 | D:9      | 7176 ||| STILL RETREEAATING.
  7177 | D:9      | 7177 ||| STILL RETREEAATING.
  7178 | D:9      | 7178 ||| STILL RETREEAATING.
  7179 | D:9      | 7179 ||| STILL RETREEAATING.
  7180 | D:9      | 7180 ||| Stepping ~*~*~tactically~*~*~ (retreating).
  7188 | D:9      | 7188 ||| INVOKING Heroism.
  7198 | D:9      | Killed Joseph
  7206 | D:9      | HP: 15/64 [something (6)]
  7207 | D:9      | Killed Maurice
  7213 | D:9      | 7213 ||| FLEEEEING.
  7218 | D:9      | 7218 ||| FLEEEEING.
  7219 | D:9      | 7219 ||| STAIRDANCE
  7374 | D:9      | 7374 ||| STAIRDANCE
  7449 | D:9      | 7449 ||| RETREEAATING.
  7450 | D:9      | 7450 ||| Stepping ~*~*~tactically~*~*~ (retreating).
  7454 | D:9      | 7454 ||| Stepping ~*~*~tactically~*~*~ (retreating).
  7455 | D:9      | 7455 ||| Stepping ~*~*~tactically~*~*~ (retreating).
  7457 | D:9      | 7457 ||| Stepping ~*~*~tactically~*~*~ (retreating).
  7458 | D:9      | 7458 ||| Stepping ~*~*~tactically~*~*~ (retreating).
  7466 | D:9      | 7466 ||| INVOKING Heroism.
  7477 | D:9      | Reached skill level 13 in Ranged Weapons
  7622 | D:9      | 7622 ||| INVOKING Heroism.
  7625 | D:9      | 7625 ||| Stepping ~*~*~tactically~*~*~ (cloud).
  7634 | D:9      | Reached XP level 11. HP: 67/69 MP: 12/14
  7634 | D:9      | 7634 ||| Stepping ~*~*~tactically~*~*~ (cloud).
  7635 | D:9      | Noticed a manticore
  7644 | D:9      | Killed a manticore
  7644 | D:9      | Reached **** piety under Okawaru
  7645 | D:9      | Reached skill level 9 in Fighting
  8118 | D:9      | 8118 ||| UPGRADING to +0 cloak.
  8123 | D:9      | 8123 ||| READING scroll labelled YXZYAT NI NAE.
  8124 | D:9      | 8124 ||| READING scroll labelled ETEICO MUACASI.
  8172 | D:9      | 8172 ||| READING scroll labelled ICVIVU MEMA.
  8205 | D:10     | Entered Level 10 of the Dungeon
  8237 | D:10     | Noticed a two-headed ogre
  8238 | D:10     | 8238 ||| INVOKING Heroism.
  8248 | D:10     | Killed a two-headed ogre
  8356 | D:10     | 8356 ||| INVOKING Heroism.
  8398 | D:10     | 8398 ||| SWAPPING to +3 orcbow.
  8399 | D:10     | 8399 ||| DROPPING +1 orcbow.
  8473 | D:10     | 8473 ||| INVOKING Heroism.
  8542 | D:10     | Noticed a two-headed ogre
  8543 | D:10     | 8543 ||| INVOKING Heroism.
  8549 | D:10     | Killed a two-headed ogre
  8583 | D:10     | You fall into a shaft and drop 1 floor!
  8583 | D:11     | Found a staircase to the Orcish Mines.
  8612 | D:11     | 8612 ||| READING scroll labelled TEUSESHR BOGYRA.
  8628 | D:11     | Reached skill level 6 in Invocations
  8729 | D:11     | Found a staircase to the Lair.
  8759 | D:11     | 8759 ||| INVOKING Heroism.
  9066 | D:10     | 9066 ||| PLANNING LAIR
  9112 | Lair:1   | Entered Level 1 of the Lair of Beasts
  9113 | Lair:1   | 9113 ||| INVOKING Heroism.
  9114 | Lair:1   | 9114 ||| STAIRDANCE
  9135 | Lair:1   | 9135 ||| RETREEAATING.
  9137 | Lair:1   | 9137 ||| INVOKING Heroism.
  9138 | Lair:1   | 9138 ||| STAIRDANCE
  9156 | Lair:1   | 9156 ||| STAIRDANCE
  9158 | D:11     | 9158 ||| INVOKING Heroism.
  9279 | Lair:1   | 9279 ||| STAIRDANCE
  9281 | D:11     | 9281 ||| Stepping ~*~*~tactically~*~*~ (retreating).
  9282 | D:11     | 9282 ||| Stepping ~*~*~tactically~*~*~ (retreating).
  9283 | D:11     | 9283 ||| Stepping ~*~*~tactically~*~*~ (retreating).
  9284 | D:11     | 9284 ||| Stepping ~*~*~tactically~*~*~ (retreating).
  9285 | D:11     | 9285 ||| Stepping ~*~*~tactically~*~*~ (retreating).
  9286 | D:11     | 9286 ||| Stepping ~*~*~tactically~*~*~ (retreating).
  9287 | D:11     | 9287 ||| Stepping ~*~*~tactically~*~*~ (retreating).
  9293 | D:11     | 9293 ||| INVOKING Heroism.
  9379 | Lair:1   | Noticed a six-headed hydra
  9380 | Lair:1   | 9380 ||| STAIRDANCE
  9382 | D:11     | 9382 ||| INVOKING Heroism.
  9404 | D:11     | HP: 13/71 [yak (5)]
  9405 | D:11     | 9405 ||| READING 7 scrolls of teleportation.
  9608 | D:11     | 9608 ||| Stepping randomly (stuck).
  9609 | D:11     | 9609 ||| Stepping randomly (stuck).
  9610 | D:11     | 9610 ||| Stepping randomly (stuck).
  9611 | D:11     | 9611 ||| Stepping randomly (stuck).
  9612 | D:11     | 9612 ||| Stepping randomly (stuck).
  9613 | D:11     | 9613 ||| Stepping randomly (stuck).
  9614 | D:11     | 9614 ||| Stepping randomly (stuck).
  9615 | D:11     | 9615 ||| Stepping randomly (stuck).
  9616 | D:11     | 9616 ||| Stepping randomly (stuck).
  9617 | D:11     | 9617 ||| Stepping randomly (stuck).
  9618 | D:11     | 9618 ||| Stepping randomly (stuck).
  9619 | D:11     | 9619 ||| Stepping randomly (stuck).
  9620 | D:11     | 9620 ||| Stepping randomly (stuck).
  9621 | D:11     | 9621 ||| Stepping randomly (stuck).
  9622 | D:11     | 9622 ||| Stepping randomly (stuck).
  9623 | D:11     | 9623 ||| Stepping randomly (stuck).
  9624 | D:11     | 9624 ||| Stepping randomly (stuck).
  9625 | D:11     | 9625 ||| Stepping randomly (stuck).
  9626 | D:11     | 9626 ||| Stepping randomly (stuck).
  9627 | D:11     | Upgraded the game from 0.31-a0-819-gf6de2f5ab6 to
                  | 0.31-a0-821-gd5cc6f37b9
  9627 | D:11     | 9627 ||| PLANNING LAIR
  9648 | D:11     | 9648 ||| INVOKING Heroism.
  9736 | D:11     | Reached skill level 14 in Ranged Weapons
  9810 | D:11     | 9810 ||| READING 2 scrolls of identify.
  9810 | D:11     | 9810 ||| IDENTIFYING sedimented black potion
  9811 | D:11     | 9811 ||| DROPPING potion of lignification.
  9830 | D:11     | 9830 ||| INVOKING Heroism.
  9856 | Lair:1   | 9856 ||| INVOKING Heroism.
  9863 | Lair:1   | Killed a six-headed hydra
  9864 | Lair:1   | Reached XP level 12. HP: 36/76 MP: 15/18
  9864 | Lair:1   | 9864 ||| STAIRDANCE
 10042 | Lair:1   | Reached ***** piety under Okawaru
 10118 | Lair:1   | 10118 ||| RETREEAATING.
 10123 | Lair:1   | 10123 ||| RETREEAATING.
 10127 | Lair:1   | 10127 ||| Stepping ~*~*~tactically~*~*~ (retreating).
 10129 | Lair:1   | 10129 ||| Stepping ~*~*~tactically~*~*~ (retreating).
 10132 | Lair:1   | 10132 ||| Stepping ~*~*~tactically~*~*~ (retreating).
 10133 | Lair:1   | 10133 ||| Stepping ~*~*~tactically~*~*~ (retreating).
 10134 | Lair:1   | 10134 ||| Stepping ~*~*~tactically~*~*~ (retreating).
 10204 | Lair:1   | Reached skill level 9 in Invocations
 10265 | Lair:1   | 10265 ||| Stepping ~*~*~tactically~*~*~ (retreating).
 10267 | Lair:1   | 10267 ||| Stepping ~*~*~tactically~*~*~ (retreating).
 10272 | Lair:1   | 10272 ||| INVOKING Heroism.
 10294 | Lair:1   | 10294 ||| RETREEAATING.
 10316 | Lair:1   | 10316 ||| INVOKING Heroism.
 10590 | Lair:1   | 10590 ||| RETREEAATING.
 10600 | Lair:1   | 10600 ||| STILL RETREEAATING.
 10601 | Lair:1   | 10601 ||| STILL RETREEAATING.
 10602 | Lair:1   | 10602 ||| STILL RETREEAATING.
 10866 | Lair:1   | Found the dreamshard necklace {Acrobat *Dream}
 10867 | Lair:1   | 10867 ||| INVOKING Heroism.
 10868 | Lair:1   | 10868 ||| INVOKING Finesse.
 10869 | Lair:1   | 10869 ||| DRINKING 2 bubbling sapphire potions.
 10870 | Lair:1   | 10870 ||| READING 2 scrolls of identify.
 10870 | Lair:1   | 10870 ||| IDENTIFYING pink potion
 10871 | Lair:1   | 10871 ||| DROPPING potion of brilliance.
 11057 | Lair:1   | 11057 ||| READING scroll labelled TUUCVE LIPHU.
 11091 | Lair:2   | 11091 ||| STAIRDANCE
 11120 | Lair:2   | Received a gift from Okawaru
 11135 | Lair:2   | Reached skill level 15 in Ranged Weapons
 11214 | Lair:2   | 11214 ||| SWAPPING to +0 arbalest.
 11215 | Lair:2   | 11215 ||| DROPPING +3 orcbow.
 11226 | Lair:2   | 11226 ||| RETREEAATING.
 11280 | Lair:2   | 11280 ||| RETREEAATING.
 11281 | Lair:2   | 11281 ||| STILL RETREEAATING.
 11283 | Lair:2   | 11283 ||| Stepping ~*~*~tactically~*~*~ (retreating).
 11284 | Lair:2   | 11284 ||| Stepping ~*~*~tactically~*~*~ (retreating).
 11285 | Lair:2   | 11285 ||| Stepping ~*~*~tactically~*~*~ (retreating).
 11289 | Lair:2   | 11289 ||| INVOKING Heroism.
 11303 | Lair:2   | 11303 ||| INVOKING Heroism.
 11409 | Lair:2   | 11409 ||| INVOKING Heroism.
 11446 | Lair:2   | Found a staircase to the Swamp.
 11446 | Lair:2   | Noticed an eleionoma
 11453 | Lair:2   | 11453 ||| INVOKING Heroism.
 11456 | Lair:2   | Killed an eleionoma
 11457 | Lair:2   | Reached skill level 6 in Armour
 11630 | Lair:2   | Found a staircase to the Snake Pit.
 12158 | Lair:2   | 12158 ||| FLEEEEING.
 12210 | Lair:2   | 12210 ||| SWAPPING to +0 longbow.
 12211 | Lair:2   | 12211 ||| DROPPING +0 arbalest.
 12251 | Lair:3   | Reached XP level 13. HP: 82/82 MP: 20/20
 12326 | Lair:3   | 12326 ||| RETREEAATING.
 12327 | Lair:3   | 12327 ||| STILL RETREEAATING.
 12328 | Lair:3   | 12328 ||| Stepping ~*~*~tactically~*~*~ (retreating).
 12329 | Lair:3   | 12329 ||| Stepping ~*~*~tactically~*~*~ (retreating).
 12330 | Lair:3   | 12330 ||| INVOKING Heroism.
 12349 | Lair:3   | 12349 ||| INVOKING Finesse.
 12357 | Lair:3   | Reached skill level 16 in Ranged Weapons
 12357 | Lair:3   | 12357 ||| Stepping ~*~*~tactically~*~*~ (retreating).
 12364 | Lair:3   | HP: 20/82 [death yak (20)]
 12365 | Lair:3   | 12365 ||| READING 6 scrolls of teleportation.
 12366 | Lair:3   | 12366 ||| DRINKING potion of heal wounds.
 12368 | Lair:3   | 12368 ||| Stepping ~*~*~tactically~*~*~ (retreating).
 12599 | Lair:3   | Noticed Nessos
 12600 | Lair:3   | 12600 ||| INVOKING Finesse.
 12603 | Lair:3   | 12603 ||| INVOKING Heroism.
 12607 | Lair:3   | Killed Nessos
 12751 | Lair:3   | 12751 ||| SWAPPING to +3 longbow of flaming.
 12752 | Lair:3   | 12752 ||| DROPPING +0 longbow.
 12754 | Lair:3   | Identified the +1 robe of Eternal Night {Int+2 Archmagi}
 12979 | Lair:3   | 12979 ||| INVOKING Heroism.
 13168 | Lair:3   | 13168 ||| RETREEAATING.
 13169 | Lair:3   | 13169 ||| STILL RETREEAATING.
 13170 | Lair:3   | 13170 ||| STILL RETREEAATING.
 13171 | Lair:3   | 13171 ||| Stepping ~*~*~tactically~*~*~ (retreating).
 13172 | Lair:3   | 13172 ||| Stepping ~*~*~tactically~*~*~ (retreating).
 13173 | Lair:3   | 13173 ||| Stepping ~*~*~tactically~*~*~ (retreating).
 13174 | Lair:3   | 13174 ||| Stepping ~*~*~tactically~*~*~ (retreating).
 13175 | Lair:3   | 13175 ||| Stepping ~*~*~tactically~*~*~ (retreating).
 13176 | Lair:3   | 13176 ||| Stepping ~*~*~tactically~*~*~ (retreating).
 13177 | Lair:3   | 13177 ||| Stepping ~*~*~tactically~*~*~ (retreating).
 13178 | Lair:3   | 13178 ||| Stepping ~*~*~tactically~*~*~ (retreating).
 13179 | Lair:3   | 13179 ||| Stepping ~*~*~tactically~*~*~ (retreating).
 13180 | Lair:3   | 13180 ||| RETREEAATING.
 13181 | Lair:3   | 13181 ||| STILL RETREEAATING.
 13182 | Lair:3   | 13182 ||| STILL RETREEAATING.
 13184 | Lair:3   | 13184 ||| Stepping ~*~*~tactically~*~*~ (retreating).
 13204 | Lair:3   | 13204 ||| INVOKING Heroism.
 13452 | Lair:3   | 13452 ||| DROPPING +1 robe of Eternal Night {Int+2
                  | Archmagi}.
 13694 | Lair:4   | 13694 ||| RETREEAATING.
 13697 | Lair:4   | Received a gift from Okawaru
 13705 | Lair:4   | 13705 ||| INVOKING Heroism.
 13706 | Lair:4   | 13706 ||| RETREEAATING.
 13711 | Lair:4   | 13711 ||| STILL RETREEAATING.
 13712 | Lair:4   | 13712 ||| STILL RETREEAATING.
 13713 | Lair:4   | 13713 ||| STILL RETREEAATING.
 13714 | Lair:4   | 13714 ||| STILL RETREEAATING.
 13715 | Lair:4   | 13715 ||| STILL RETREEAATING.
 13716 | Lair:4   | 13716 ||| STILL RETREEAATING.
 13718 | Lair:4   | 13718 ||| Stepping ~*~*~tactically~*~*~ (retreating).
 13719 | Lair:4   | 13719 ||| Stepping ~*~*~tactically~*~*~ (retreating).
 13720 | Lair:4   | 13720 ||| Stepping ~*~*~tactically~*~*~ (retreating).
 13721 | Lair:4   | 13721 ||| Stepping ~*~*~tactically~*~*~ (retreating).
 13732 | Lair:4   | 13732 ||| RETREEAATING.
 13734 | Lair:4   | 13734 ||| STILL RETREEAATING.
 13737 | Lair:4   | Reached skill level 17 in Ranged Weapons
 13753 | Lair:4   | Found a transporter.
 13755 | Lair:4   | Found a transporter.
 13883 | Lair:4   | Found the +3 warlock's mirror {omnireflect}
 14086 | Lair:4   | 14086 ||| READING scroll labelled QOVAMY NOLUE.
 14119 | Lair:5   | Entered Level 5 of the Lair of Beasts
 14120 | Lair:5   | 14120 ||| INVOKING Heroism.
 14121 | Lair:5   | 14121 ||| STAIRDANCE
 14136 | Lair:5   | 14136 ||| STAIRDANCE
 14263 | Lair:5   | 14263 ||| INVOKING Heroism.
 14267 | Lair:5   | 14267 ||| RETREEAATING.
 14268 | Lair:5   | 14268 ||| Stepping ~*~*~tactically~*~*~ (retreating).
 14269 | Lair:5   | 14269 ||| Stepping ~*~*~tactically~*~*~ (retreating).
 14270 | Lair:5   | 14270 ||| Stepping ~*~*~tactically~*~*~ (retreating).
 14271 | Lair:5   | 14271 ||| Stepping ~*~*~tactically~*~*~ (retreating).
 14272 | Lair:5   | 14272 ||| Stepping ~*~*~tactically~*~*~ (retreating).
 14273 | Lair:5   | 14273 ||| Stepping ~*~*~tactically~*~*~ (retreating).
 14274 | Lair:5   | 14274 ||| Stepping ~*~*~tactically~*~*~ (retreating).
 14275 | Lair:5   | 14275 ||| Stepping ~*~*~tactically~*~*~ (retreating).
 14276 | Lair:5   | 14276 ||| Stepping ~*~*~tactically~*~*~ (retreating).
 14277 | Lair:5   | 14277 ||| Stepping ~*~*~tactically~*~*~ (retreating).
 14285 | Lair:5   | Reached skill level 6 in Dodging
 14291 | Lair:5   | Received a gift from Okawaru
 14458 | Lair:5   | 14458 ||| INVOKING Heroism.
 14475 | Lair:5   | 14475 ||| RETREEAATING.
 14477 | Lair:5   | 14477 ||| RETREEAATING.
 14479 | Lair:5   | 14479 ||| RETREEAATING.
 14480 | Lair:5   | 14480 ||| Stepping ~*~*~tactically~*~*~ (retreating).
 14547 | Lair:5   | 14547 ||| INVOKING Heroism.
 14558 | Lair:5   | Gained mutation: Your large and strong wings let you fly.
                  | [Gargoyle growth]
 14558 | Lair:5   | Reached XP level 14. HP: 90/90 MP: 19/21
 14609 | Lair:5   | 14609 ||| RETREEAATING.
 14610 | Lair:5   | 14610 ||| STILL RETREEAATING.
 14682 | Lair:5   | Reached skill level 18 in Ranged Weapons
 14713 | Lair:5   | 14713 ||| FLEEEEING.
 14714 | Lair:5   | 14714 ||| FLEEEEING.
 14750 | Lair:5   | 14750 ||| INVOKING Heroism.
 14751 | Lair:5   | 14751 ||| INVOKING Finesse.
 14852 | Lair:5   | 14852 ||| Stepping ~*~*~tactically~*~*~ (retreating).
 14853 | Lair:5   | 14853 ||| Stepping ~*~*~tactically~*~*~ (retreating).
 14855 | Lair:5   | 14855 ||| Stepping ~*~*~tactically~*~*~ (retreating).
 14856 | Lair:5   | Received a gift from Okawaru
 14857 | Lair:5   | 14857 ||| INVOKING Heroism.
 14865 | Lair:5   | Reached skill level 12 in Fighting
 14939 | Lair:5   | Found a runed translucent door.
 14941 | Lair:5   | 14941 ||| INVOKING Heroism.
 15001 | Lair:5   | 15001 ||| FLEEEEING.
 15002 | Lair:5   | 15002 ||| FLEEEEING.
 15003 | Lair:5   | 15003 ||| FLEEEEING.
 15004 | Lair:5   | 15004 ||| FLEEEEING.
 15005 | Lair:5   | 15005 ||| FLEEEEING.
 15006 | Lair:5   | 15006 ||| FLEEEEING.
 15007 | Lair:5   | 15007 ||| FLEEEEING.
 15008 | Lair:5   | 15008 ||| FLEEEEING.
 15009 | Lair:5   | 15009 ||| FLEEEEING.
 15010 | Lair:5   | 15010 ||| FLEEEEING.
 15011 | Lair:5   | 15011 ||| FLEEEEING.
 15012 | Lair:5   | 15012 ||| FLEEEEING.
 15013 | Lair:5   | 15013 ||| FLEEEEING.
 15015 | Lair:5   | 15015 ||| FLEEEEING.
 15016 | Lair:5   | 15016 ||| FLEEEEING.
 15017 | Lair:5   | 15017 ||| FLEEEEING.
 15019 | Lair:5   | 15019 ||| FLEEEEING.
 15020 | Lair:5   | 15020 ||| FLEEEEING.
 15021 | Lair:5   | 15021 ||| FLEEEEING.
 15022 | Lair:5   | 15022 ||| FLEEEEING.
 15023 | Lair:5   | 15023 ||| FLEEEEING.
 15024 | Lair:5   | 15024 ||| FLEEEEING.
 15025 | Lair:5   | 15025 ||| FLEEEEING.
 15026 | Lair:5   | 15026 ||| FLEEEEING.
 15027 | Lair:5   | 15027 ||| INVOKING Heroism.
 15145 | Lair:5   | 15145 ||| INVOKING Heroism.
 15219 | Lair:5   | Found a staircase to the Slime Pits.
 15230 | Lair:5   | Found a viscous altar of Jiyva.
 15536 | Lair:5   | 15536 ||| RETREEAATING.
 15538 | Lair:5   | 15538 ||| Stepping ~*~*~tactically~*~*~ (retreating).
 15540 | Lair:5   | 15540 ||| Stepping ~*~*~tactically~*~*~ (retreating).
 15554 | Lair:5   | 15554 ||| INVOKING Heroism.
 15744 | Lair:5   | 15744 ||| Stepping ~*~*~tactically~*~*~ (retreating).
 15745 | Lair:5   | 15745 ||| RETREEAATING.
 15748 | Lair:5   | 15748 ||| INVOKING Heroism.
 15767 | Lair:5   | 15767 ||| INVOKING Heroism.
 15881 | Lair:5   | 15881 ||| FLEEEEING.
 15883 | Lair:5   | 15883 ||| FLEEEEING.
 15886 | Lair:5   | 15886 ||| INVOKING Heroism.
 16112 | Lair:5   | 16112 ||| PLANNING D:1-11
 16112 | Lair:5   | 16112 ||| UPGRADING to ring of protection from cold.
 16563 | D:11     | 16563 ||| PLANNING D
 16577 | D:12     | 16577 ||| PLANNING BAZAAR
 16585 | D:12     | 16585 ||| STAIRDANCE
 16631 | D:12     | 16631 ||| INVOKING Heroism.
 16636 | D:12     | 16636 ||| Stepping ~*~*~tactically~*~*~ (retreating).
 16639 | D:12     | Received a gift from Okawaru
 16658 | D:12     | 16658 ||| INVOKING Finesse.
 16705 | D:12     | 16705 ||| FLEEEEING.
 16706 | D:12     | 16706 ||| FLEEEEING.
 16707 | D:12     | 16707 ||| FLEEEEING.
 16708 | D:12     | 16708 ||| FLEEEEING.
 16709 | D:12     | 16709 ||| FLEEEEING.
 16710 | D:12     | 16710 ||| FLEEEEING.
 16711 | D:12     | 16711 ||| FLEEEEING.
 16712 | D:12     | 16712 ||| FLEEEEING.
 16713 | D:12     | 16713 ||| FLEEEEING.
 16714 | D:12     | 16714 ||| FLEEEEING.
 16715 | D:12     | 16715 ||| FLEEEEING.
 16716 | D:12     | 16716 ||| FLEEEEING.
 16717 | D:12     | 16717 ||| FLEEEEING.
 16718 | D:12     | 16718 ||| STAIRDANCE
 16774 | D:12     | 16774 ||| STAIRDANCE
 16822 | D:12     | 16822 ||| STAIRDANCE
 16828 | D:11     | Reached skill level 19 in Ranged Weapons
 16842 | D:12     | 16842 ||| STAIRDANCE
 16871 | D:12     | 16871 ||| STAIRDANCE
 17056 | D:12     | Noticed Nergalle
 17065 | D:12     | Killed Nergalle
 17154 | D:12     | Found a flickering gateway to a bazaar.
 17155 | D:12     | 17155 ||| DROPPING scarf of invisibility.
 17156 | D:12     | 17156 ||| DROPPING +0 leather armour of cold resistance.
 17165 | Bazaar   | Entered a bazaar
 17189 | Bazaar   | Found Viwuithre's General Store.
 17200 | Bazaar   | Found Muzxedun's Magic Scroll Emporium.
 17205 | Bazaar   | 17205 ||| BUYING scroll of brand weapon (114 gold).
 17205 | Bazaar   | Bought a scroll of brand weapon for 114 gold pieces
 17205 | Bazaar   | 17205 ||| BUYING scroll of enchant armour (90 gold).
 17205 | Bazaar   | Bought a scroll of enchant armour for 90 gold pieces
 17205 | Bazaar   | 17205 ||| BUYING scroll of teleportation (36 gold).
 17205 | Bazaar   | Bought a scroll of teleportation for 36 gold pieces
 17205 | Bazaar   | 17205 ||| BUYING scroll of teleportation (36 gold).
 17205 | Bazaar   | Bought a scroll of teleportation for 36 gold pieces
 17205 | Bazaar   | 17205 ||| READING scroll of brand weapon.
 17205 | Bazaar   | 17205 ||| BRANDING +3 longbow of flaming.
 17206 | Bazaar   | 17206 ||| READING scroll of enchant armour.
 17206 | Bazaar   | 17206 ||| ENCHANTING +0 helmet.
 17254 | Bazaar   | Found Dimm's Jewellery Shoppe.
 17260 | Bazaar   | 17260 ||| BUYING +6 ring of strength (504 gold).
 17260 | Bazaar   | Bought a +6 ring of strength for 504 gold pieces
 17260 | Bazaar   | 17260 ||| BUYING ring of protection from fire (350 gold).
 17260 | Bazaar   | Bought a ring of protection from fire for 350 gold pieces
 17283 | Bazaar   | Found Tovotr Seog's Distillery.
 17288 | Bazaar   | 17288 ||| BUYING potion of curing (36 gold).
 17288 | Bazaar   | Bought a potion of curing for 36 gold pieces
 17342 | Bazaar   | Found Vaetzuz's Armour Shoppe.
 17347 | Bazaar   | 17347 ||| UPGRADING to +6 ring of strength.
 17348 | Bazaar   | 17348 ||| UPGRADING to ring of protection from fire.
 17350 | Bazaar   | 17350 ||| UPGRADING to ring of protection from cold.
 17394 | D:12     | 17394 ||| PLANNING D
 17488 | D:12     | Identified the +4 ring mail of Judumy {rC- Str+3 Int+6
                  | Dex+2}
 17551 | D:12     | 17551 ||| DROPPING +0 steam dragon scales.
 17552 | D:12     | 17552 ||| UPGRADING to +4 ring mail of Judumy {rC- Str+3
                  | Int+6 Dex+2}.
 17562 | D:12     | 17562 ||| DROPPING +0 ring mail of willpower.
 17563 | D:12     | 17563 ||| DROPPING amulet of magic regeneration.
 17627 | D:11     | 17627 ||| PLANNING D:1-11
 17627 | D:11     | 17627 ||| PLANNING D
 17660 | D:12     | 17660 ||| STAIRDANCE
 17665 | D:12     | 17665 ||| STAIRDANCE
 17686 | D:12     | 17686 ||| STAIRDANCE
 17747 | D:12     | 17747 ||| READING 6 scrolls of identify.
 17747 | D:12     | 17747 ||| IDENTIFYING cyan potion
 17754 | D:13     | 17754 ||| PLANNING GAUNTLET
 17754 | D:13     | 17754 ||| STAIRDANCE
 17760 | D:13     | 17760 ||| STAIRDANCE
 17776 | D:13     | Found a gate leading to a gauntlet.
 17785 | D:13     | 17785 ||| UPGRADING to ring of see invisible.
 17788 | Gauntlet | Entered a Gauntlet
 17788 | Gauntlet | Found a transporter.
 17797 | Gauntlet | Found a transporter.
 17814 | Gauntlet | Found a transporter.
 17818 | Gauntlet | Found a transporter.
 17839 | Gauntlet | Found a transporter.
 17852 | Gauntlet | Found a transporter.
 17866 | Gauntlet | Found a transporter.
 17895 | Gauntlet | Found a transporter.
 17895 | Gauntlet | Found a transporter.
 17895 | Gauntlet | Noticed a balrug
 17900 | Gauntlet | Found a transporter.
 17927 | Gauntlet | Found a transporter.
 17929 | Gauntlet | Found a transporter.
 17983 | Gauntlet | 17983 ||| ZAPPING wand of digging (1).
 17984 | Gauntlet | 17984 ||| Stepping randomly (stuck).
 17985 | Gauntlet | 17985 ||| Stepping randomly (stuck).
 17986 | Gauntlet | 17986 ||| Stepping randomly (stuck).
 17987 | Gauntlet | 17987 ||| Stepping randomly (stuck).
 17988 | Gauntlet | 17988 ||| Stepping randomly (stuck).
 17989 | Gauntlet | 17989 ||| Stepping randomly (stuck).
 17990 | Gauntlet | 17990 ||| Stepping randomly (stuck).
 17991 | Gauntlet | 17991 ||| Stepping randomly (stuck).
 17992 | Gauntlet | 17992 ||| Stepping randomly (stuck).
 17993 | Gauntlet | 17993 ||| Stepping ~*~*~tactically~*~*~ (retreating).
 17994 | Gauntlet | 17994 ||| Stepping ~*~*~tactically~*~*~ (retreating).
 17995 | Gauntlet | 17995 ||| Stepping ~*~*~tactically~*~*~ (retreating).
 17996 | Gauntlet | 17996 ||| Stepping ~*~*~tactically~*~*~ (retreating).
 17998 | Gauntlet | 17998 ||| INVOKING Heroism.
 18189 | Gauntlet | 18189 ||| UPGRADING to +5 ring of evasion.
 18191 | Gauntlet | 18191 ||| UPGRADING to ring of see invisible.
 18201 | Gauntlet | Received a gift from Okawaru
 18203 | Gauntlet | 18203 ||| INVOKING Heroism.
 18407 | Gauntlet | Identified the ring "Gossog" {*Corrode rPois rN+ MP+9}
 18409 | Gauntlet | 18409 ||| DROPPING ring "Gossog" {*Corrode rPois rN+ MP+9}.
 18410 | Gauntlet | 18410 ||| READING 5 scrolls of identify.
 18410 | Gauntlet | 18410 ||| IDENTIFYING golden potion
 18424 | Gauntlet | 18424 ||| INVOKING Heroism.
 18426 | Gauntlet | 18426 ||| INVOKING Finesse.
 18475 | D:13     | 18475 ||| PLANNING D
 18593 | D:13     | 18593 ||| INVOKING Heroism.
 18653 | D:13     | Found a portal to a secret trove of treasure.
 18696 | D:13     | 18696 ||| FLEEEEING.
 18700 | D:13     | 18700 ||| INVOKING Heroism.
 18702 | D:13     | Reached XP level 15. HP: 90/98 MP: 19/22
 18710 | D:13     | 18710 ||| RETREEAATING.
 18711 | D:13     | 18711 ||| STILL RETREEAATING.
 18742 | D:13     | 18742 ||| RETREEAATING.
 18743 | D:13     | 18743 ||| STILL RETREEAATING.
 18744 | D:13     | 18744 ||| STILL RETREEAATING.
 18749 | D:13     | 18749 ||| FLEEEEING.
 18750 | D:13     | 18750 ||| FLEEEEING.
 18756 | D:13     | 18756 ||| FLEEEEING.
 18757 | D:13     | 18757 ||| FLEEEEING.
 18762 | D:13     | 18762 ||| STAIRDANCE
 18823 | D:12     | 18823 ||| DROPPING +6 ring of strength.
 18824 | D:12     | 18824 ||| DROPPING ring of magical power.
 18825 | D:12     | 18825 ||| DROPPING ring of protection from cold.
 18826 | D:12     | 18826 ||| READING scroll labelled BIWKEY VOEBB.
 18854 | D:13     | 18854 ||| DRINKING 7 potions of curing.
 18854 | D:13     | 18854 ||| (to cure confusion)
 18859 | D:13     | 18859 ||| INVOKING Heroism.
 18982 | D:13     | Found a gate to the Vaults.
 19229 | D:13     | 19229 ||| UPGRADING to +0 pair of gloves.
 19234 | D:13     | 19234 ||| READING 6 scrolls of identify.
 19234 | D:13     | 19234 ||| IDENTIFYING purple potion
 19235 | D:13     | 19235 ||| DROPPING potion of ambrosia.
 19268 | D:14     | 19268 ||| STAIRDANCE
 19270 | D:13     | 19270 ||| INVOKING Heroism.
 19283 | D:14     | 19283 ||| STAIRDANCE
 19441 | D:14     | 19441 ||| INVOKING Heroism.
 19448 | D:14     | 19448 ||| STAIRDANCE
 19550 | D:14     | Found a runed translucent door.
 19550 | D:14     | Noticed qw's ghost (journeyman GrHu)
 19620 | D:14     | Found Jesuesymn's Assorted Antiques.
 19625 | D:14     | 19625 ||| BUYING large coral ring (145 gold).
 19625 | D:14     | Bought a large coral ring for 145 gold pieces
 19625 | D:14     | 19625 ||| SHOPLISTING potion of curing (87 gold, have 23).
 19625 | D:14     | 19625 ||| SHOPLISTING scroll labelled WUOTEQ RULOC (29
                  | gold, have 23).
 19625 | D:14     | 19625 ||| SHOPLISTING scroll of identify (58 gold, have
                  | 23).
 19663 | D:14     | Found Poezi's Antique Armour Shop.
 19671 | D:14     | 19671 ||| SHOPLISTING runed leather armour (85 gold, have
                  | 23).
 20193 | D:14     | Found Hygiol's Weapon Shop.
 20307 | D:14     | Found Hoecesk's Antique Weapon Shop.
 20451 | D:14     | 20451 ||| UPGRADING to amulet of faith.
 20461 | D:14     | 20461 ||| DROPPING amulet of the acrobat.
 20462 | D:14     | 20462 ||| DROPPING ring of flight.
 20463 | D:14     | 20463 ||| DROPPING +6 ring of intelligence.
 20464 | D:14     | 20464 ||| READING 5 scrolls of identify.
 20464 | D:14     | 20464 ||| IDENTIFYING bubbling emerald potion
 20496 | D:15     | Entered Level 15 of the Dungeon
 20521 | D:15     | 20521 ||| INVOKING Heroism.
 20624 | D:15     | 20624 ||| INVOKING Heroism.
 20689 | D:15     | 20689 ||| INVOKING Heroism.
 20703 | D:15     | Found a staircase to the Depths.
 20712 | D:15     | Found a runed translucent gate.
 20744 | D:15     | Found a runed translucent gate.
 20744 | D:15     | Found a runed translucent gate.
 20746 | D:15     | Found an opulent altar of Gozag.
 20747 | D:15     | Noticed Epsin's ghost (journeyman MiFi)
 20865 | D:15     | 20865 ||| FLEEEEING.
 20866 | D:15     | 20866 ||| FLEEEEING.
 20868 | D:15     | 20868 ||| FLEEEEING.
 20869 | D:15     | 20869 ||| FLEEEEING.
 20870 | D:15     | 20870 ||| FLEEEEING.
 20886 | D:15     | 20886 ||| INVOKING Heroism.
 20991 | D:15     | 20991 ||| RETREEAATING.
 20992 | D:15     | 20992 ||| Stepping ~*~*~tactically~*~*~ (retreating).
 21053 | D:15     | 21053 ||| INVOKING Heroism.
 21057 | D:15     | Reached skill level 20 in Ranged Weapons
 21259 | D:15     | 21259 ||| RETREEAATING.
 21260 | D:15     | 21260 ||| STILL RETREEAATING.
 21263 | D:15     | 21263 ||| INVOKING Heroism.
 21264 | D:15     | 21264 ||| Stepping ~*~*~tactically~*~*~ (retreating).
 21265 | D:15     | 21265 ||| Stepping ~*~*~tactically~*~*~ (retreating).
 21266 | D:15     | 21266 ||| Stepping ~*~*~tactically~*~*~ (retreating).
 21270 | D:15     | 21270 ||| Stepping ~*~*~tactically~*~*~ (retreating).
 21271 | D:15     | 21271 ||| Stepping ~*~*~tactically~*~*~ (retreating).
 21345 | D:15     | Reached skill level 9 in Armour
 21617 | D:15     | Noticed a fire giant
 21619 | D:15     | Found Cudu Esos's Assorted Antiques.
 21621 | D:15     | a fire giant changed into a shadow dragon
 21621 | D:15     | Noticed a shadow dragon (glowing shapeshifter)
 21624 | D:15     | a shadow dragon changed into an alligator snapping turtle
 21625 | D:15     | an alligator snapping turtle changed into a sphinx
 21625 | D:15     | Noticed a sphinx (glowing shapeshifter)
 21799 | D:15     | 21799 ||| PLANNING ORC
 21863 | Orc:1    | Entered Level 1 of the Orcish Mines
 21863 | Orc:1    | Noticed Sonja
 21866 | Orc:1    | 21866 ||| STAIRDANCE
 21870 | D:11     | 21870 ||| INVOKING Heroism.
 21873 | D:11     | Killed Sonja
 21982 | Orc:1    | 21982 ||| STAIRDANCE
 21984 | D:11     | 21984 ||| INVOKING Heroism.
 21998 | Orc:1    | 21998 ||| STAIRDANCE
 22003 | Orc:1    | 22003 ||| STAIRDANCE
 22014 | Orc:1    | 22014 ||| STAIRDANCE
 22103 | Orc:2    | Entered Level 2 of the Orcish Mines
 22111 | Orc:2    | 22111 ||| STAIRDANCE
 22117 | Orc:2    | 22117 ||| INVOKING Heroism.
 22118 | Orc:2    | 22118 ||| STAIRDANCE
 22132 | Orc:2    | 22132 ||| STAIRDANCE
 22134 | Orc:1    | 22134 ||| INVOKING Heroism.
 22165 | Orc:1    | 22165 ||| INVOKING Heroism.
 22605 | Orc:2    | Found a staircase to the Elven Halls.
 22642 | Orc:2    | 22642 ||| FLEEEEING.
 22646 | Orc:2    | 22646 ||| FLEEEEING.
 22647 | Orc:2    | 22647 ||| FLEEEEING.
 22648 | Orc:2    | 22648 ||| FLEEEEING.
 22649 | Orc:2    | 22649 ||| FLEEEEING.
 22650 | Orc:2    | 22650 ||| FLEEEEING.
 22651 | Orc:2    | 22651 ||| FLEEEEING.
 22655 | Orc:2    | 22655 ||| FLEEEEING.
 22659 | Orc:2    | 22659 ||| INVOKING Heroism.
 22660 | Orc:2    | 22660 ||| STAIRDANCE
 22682 | Orc:2    | Paralysed by an orc sorcerer for 2 turns
 22684 | Orc:2    | 22684 ||| STAIRDANCE
 22834 | Orc:2    | 22834 ||| STAIRDANCE
 23003 | Orc:2    | Noticed qw's ghost (adept GrFi)
 23020 | Orc:2    | 23020 ||| FLEEEEING.
 23021 | Orc:2    | 23021 ||| FLEEEEING.
 23022 | Orc:2    | 23022 ||| FLEEEEING.
 23023 | Orc:2    | 23023 ||| FLEEEEING.
 23024 | Orc:2    | 23024 ||| FLEEEEING.
 23025 | Orc:2    | 23025 ||| FLEEEEING.
 23026 | Orc:2    | 23026 ||| FLEEEEING.
 23027 | Orc:2    | 23027 ||| FLEEEEING.
 23028 | Orc:2    | 23028 ||| FLEEEEING.
 23029 | Orc:2    | 23029 ||| FLEEEEING.
 23030 | Orc:2    | 23030 ||| FLEEEEING.
 23031 | Orc:2    | 23031 ||| FLEEEEING.
 23031 | Orc:2    | Found a runed translucent gate.
 23031 | Orc:2    | Found a runed translucent gate.
 23033 | Orc:2    | 23033 ||| FLEEEEING.
 23036 | Orc:2    | 23036 ||| INVOKING Heroism.
 23039 | Orc:2    | 23039 ||| DRINKING 6 potions of curing.
 23039 | Orc:2    | 23039 ||| (to cure confusion)
 23227 | Orc:2    | Found a runed translucent gate.
 23259 | Orc:2    | 23259 ||| INVOKING Heroism.
 23307 | Orc:2    | 23307 ||| INVOKING Heroism.
 23311 | Orc:2    | 23311 ||| RETREEAATING.
 23312 | Orc:2    | 23312 ||| RETREEAATING.
 23313 | Orc:2    | 23313 ||| STILL RETREEAATING.
 23314 | Orc:2    | 23314 ||| STILL RETREEAATING.
 23315 | Orc:2    | 23315 ||| STILL RETREEAATING.
 23316 | Orc:2    | 23316 ||| STILL RETREEAATING.
 23321 | Orc:2    | 23321 ||| Stepping ~*~*~tactically~*~*~ (retreating).
 23323 | Orc:2    | 23323 ||| Stepping ~*~*~tactically~*~*~ (retreating).
 23324 | Orc:2    | 23324 ||| Stepping ~*~*~tactically~*~*~ (retreating).
 23325 | Orc:2    | 23325 ||| Stepping ~*~*~tactically~*~*~ (retreating).
 23326 | Orc:2    | 23326 ||| Stepping ~*~*~tactically~*~*~ (retreating).
 23327 | Orc:2    | 23327 ||| STILL RETREEAATING.
 23328 | Orc:2    | 23328 ||| Stepping ~*~*~tactically~*~*~ (retreating).
 23329 | Orc:2    | 23329 ||| Stepping ~*~*~tactically~*~*~ (retreating).
 23330 | Orc:2    | 23330 ||| Stepping ~*~*~tactically~*~*~ (retreating).
 23331 | Orc:2    | 23331 ||| Stepping ~*~*~tactically~*~*~ (retreating).
 23332 | Orc:2    | 23332 ||| Stepping ~*~*~tactically~*~*~ (retreating).
 23333 | Orc:2    | 23333 ||| Stepping ~*~*~tactically~*~*~ (retreating).
 23334 | Orc:2    | 23334 ||| Stepping ~*~*~tactically~*~*~ (retreating).
 23335 | Orc:2    | 23335 ||| Stepping ~*~*~tactically~*~*~ (retreating).
 23339 | Orc:2    | 23339 ||| STILL RETREEAATING.
 23340 | Orc:2    | 23340 ||| Stepping ~*~*~tactically~*~*~ (retreating).
 23359 | Orc:2    | Reached XP level 16. HP: 71/107 MP: 23/23
 23360 | Orc:2    | 23360 ||| INVOKING Heroism.
 23478 | Orc:2    | 23478 ||| INVOKING Heroism.
 23481 | Orc:2    | 23481 ||| RETREEAATING.
 23482 | Orc:2    | 23482 ||| STILL RETREEAATING.
 23503 | Orc:2    | Found Rasume Ciaho's Book Boutique.
 23503 | Orc:2    | Found Doylonn's Antique Armour Boutique.
 23504 | Orc:2    | 23504 ||| INVOKING Heroism.
 23508 | Orc:2    | 23508 ||| Stepping ~*~*~tactically~*~*~ (retreating).
 23516 | Orc:2    | Found Zaijur's Weapon Shoppe.
 23516 | Orc:2    | Found Han Buhi's Weapon Shoppe.
 23536 | Orc:2    | 23536 ||| BUYING brightly glowing ring mail (342 gold).
 23536 | Orc:2    | Bought a brightly glowing ring mail for 342 gold pieces
 23536 | Orc:2    | Identified the +0 ring mail of Nidysuj {Str+4} (You bought
                  | it in a shop on level 2 of the Orcish Mines)
 23536 | Orc:2    | 23536 ||| BUYING pair of runed boots (285 gold).
 23536 | Orc:2    | Bought a pair of runed boots for 285 gold pieces
 23536 | Orc:2    | 23536 ||| SHOPLISTING shiny helmet (285 gold, have 162).
 23596 | Orc:2    | 23596 ||| PLANNING SWAMP:1-3
 23596 | Orc:2    | 23596 ||| DROPPING +0 ring mail of Nidysuj {Str+4}.
 23597 | Orc:2    | 23597 ||| DROPPING +1 pair of boots of stealth.
 23703 | Swamp:1  | Entered Level 1 of the Swamp
 23704 | Swamp:1  | 23704 ||| RETREEAATING.
 23705 | Swamp:1  | 23705 ||| Stepping ~*~*~tactically~*~*~ (retreating).
 23706 | Swamp:1  | 23706 ||| Stepping ~*~*~tactically~*~*~ (retreating).
 23707 | Swamp:1  | 23707 ||| Stepping ~*~*~tactically~*~*~ (retreating).
 23708 | Swamp:1  | 23708 ||| Stepping ~*~*~tactically~*~*~ (retreating).
 23709 | Swamp:1  | 23709 ||| Stepping ~*~*~tactically~*~*~ (retreating).
 23710 | Swamp:1  | 23710 ||| Stepping ~*~*~tactically~*~*~ (retreating).
 23714 | Swamp:1  | 23714 ||| INVOKING Heroism.
 23726 | Swamp:1  | HP: 23/107 [spriggan druid/angry trees (13)]
 23727 | Swamp:1  | 23727 ||| READING 10 scrolls of teleportation.
 23727 | Swamp:1  | HP: 3/107 [constriction (13)]
 23728 | Swamp:1  | Slain by a shambling mangrove

Levels and vault maps discovered:
D:1:      dpeg_chamrin_arrival_tetris, layout_basic, serial_bayou_pond_e,
          nicolae_eternal_life, minmay_tiny_reverse_x
D:2:      layout_basic, ebering_ecumenical_altar_abandoned, minmay_rat_hole
D:3:      layout_basic, nicolae_ru_sacrificial_ziggurat, lemuel_crystal_altar,
          amcnicky_altar_gilded
D:4:      layout_basic, temple_green, serial_shops,
          nicolae_shop_tiny_statue_garden
D:5:      layout_cave_pools, portal_sewer_entry_f, kennysheep_opposing_triangles
D:6:      layout_loops_cross
D:7:      layout_cave_pools
D:8:      layout_cave_pools, uniq_jeremiah, uniq_prince_ribbit1, uniq_erica
D:9:      nicolae_hitomezashi [nicolae_hito_row, nicolae_hito_row,
          nicolae_hito_row, nicolae_hito_row, nicolae_hito_row,
          nicolae_hito_row, nicolae_hito_row, nicolae_hito_row,
          nicolae_hito_row, nicolae_hito_row, nicolae_hito_row,
          nicolae_hito_row, nicolae_hito_row, nicolae_hito_row,
          nicolae_hito_row, nicolae_hito_row, nicolae_hito_row,
          nicolae_hito_row], layout_rooms, minivault_24, uniq_joseph,
          uniq_maurice
D:10:     layout_rooms
D:11:     layout_small_grid, due_lair_maze_entry_diamond, orc_0_dummy
D:12:     minmay_stone_box, layout_basic, serial_shops, bzr_entry_islet,
          uniq_nergalle
D:13:     layout_rooms, hangedman_vaults_entry_quadrant_bands,
          nicolae_trove_entry_free_sample, gauntlet_entry_generic,
          nzn_life_drinkers
D:14:     layout_basic, serial_park_avenue1, serial_shops,
          nicolae_shop_hallway_plus, nicolae_stop_n_shop_2, shop, shop,
          gammafunk_ghost_grave, minivault_11, st_stairs_1
D:15:     hangedman_depths_entry_civil_slaughter, layout_stronghold,
          ebering_ghost_gozag
Temple:   compressed_dpeg_triangle_lava_temple
Lair:1:   layout_regular_city, enter_volcano_1, minmay_lair_oklob_items,
          guppyfry_lair_drakes, serial_bayou_shore_a
Lair:2:   layout_regular_city, alex1729_swamp_entry_worm_eleionoma,
          alex1729_snake_entry_snake, st_stairs_6, serial_bayou_lake_a,
          infiniplex_staircase_pool
Lair:3:   layout_gridlike, serial_forest, infiniplex_forest_lined_4_way,
          infiniplex_forest_straight_2, infiniplex_forest_clump_double,
          infiniplex_forest_end_3, infiniplex_forest_3_way,
          infiniplex_forest_clump_medium, infiniplex_forest_clump_curved,
          uniq_nessos
Lair:4:   gammafunk_boulding_lane, layout_long_grid
Lair:5:   wormcave, layout_loops_ring, guppyfry_lair_end_dragon,
          minmay_slime_entry_jelly_boxes
Swamp:1:  layout_basic_swamp, ebering_ghost_disaster_area,
          nicolae_swamp_godswood, swamp_pool2
Orc:1:    layout_caves, uniq_sonja
Orc:2:    st_orc_elflike, layout_caves, gammafunk_ghost_split,
          mumra_transporter_accident

Skill      XL: |  1  2  3  4  5  6  7  8  9 10 11 12 13 14 15 |
---------------+----------------------------------------------+-----
Ranged Weapons | 5 6 7 9 11 13 14 15 17 19 20 | 20.0
Fighting       | 3 4 6 7 8 9 10 11 13 14 | 14.8
Armour         | 1 2 3 4 5 6 7 9 |  9.0
Dodging        | 2 3 4 5 6 7 8 |  8.0
Invocations    | 3 4 8 10 | 10.1
Stealth        | |  1.1

Action                     |  1- 3 |  4- 6 |  7- 9 | 10-12 | 13-15 | 16-18 || total
---------------------------+-------+-------+-------+-------+-------+-------++-------
   Fire: Shortbow          |   105 |   199 |   233 |       |       |       ||   537
         Orcbow            |       |       |   187 |   567 |       |       ||   754
         Arbalest          |       |       |       |    71 |       |       ||    71
         Longbow           |       |       |       |     4 |   922 |    37 ||   963
 Invoke: Heroism           |       |       |    18 |    28 |    42 |     4 ||    92
         Finesse           |       |       |       |     1 |     5 |       ||     6
  Evoke: Wand              |       |       |       |       |     1 |       ||     1
    Use: Scroll            |     4 |     4 |     3 |    10 |     9 |     1 ||    31
         Potion            |       |       |       |     3 |     3 |       ||     6
 Armour: Leather armour    |    19 |    37 |       |       |       |       ||    56
         Ring mail         |       |    57 |   135 |   343 |   419 |    36 ||   990
  Dodge: Dodged            |    28 |    69 |   148 |   410 |   590 |    81 ||  1326

Table legend:
 A = Non-vault XP
 B = Vault XP
 C = Vault XP percentage of total XP
 D = Non-vault monster count
 E = Vault monster count
 F = Vault count percentage of total count
                 A         B        C        D         E       F
            +---------+---------+-------+---------+---------+-------
      Total |   86213 |   46829 |  35.2 |     493 |     205 |  29.4
            +---------+---------+-------+---------+---------+-------
        D:1 |      36 |       3 |   7.7 |      23 |       2 |   8.0
        D:2 |      89 |      20 |  18.3 |      22 |      19 |  46.3
        D:3 |     151 |       0 |   0.0 |      17 |       0 |   0.0
        D:4 |     246 |       0 |   0.0 |      19 |       0 |   0.0
        D:5 |    1181 |     183 |  13.4 |      28 |       8 |  22.2
        D:6 |    1494 |       0 |   0.0 |      33 |       0 |   0.0
        D:7 |    1119 |       0 |   0.0 |      18 |       0 |   0.0
        D:8 |    1161 |    1496 |  56.3 |      19 |       3 |  13.6
        D:9 |    1845 |     917 |  33.2 |      17 |       2 |  10.5
       D:10 |    2487 |       0 |   0.0 |      17 |       0 |   0.0
       D:11 |    6006 |    2215 |  26.9 |      38 |      14 |  26.9
       D:12 |    4115 |     866 |  17.4 |      11 |       2 |  15.4
       D:13 |    4052 |    6414 |  61.3 |      16 |      17 |  51.5
       D:14 |    6159 |    1741 |  22.0 |      12 |       3 |  20.0
       D:15 |   11348 |    4453 |  28.2 |      22 |       6 |  21.4
     Lair:1 |    6226 |    1838 |  22.8 |      32 |       5 |  13.5
     Lair:2 |    4222 |    2114 |  33.4 |      17 |       4 |  19.0
     Lair:3 |   10335 |    1042 |   9.2 |      21 |       1 |   4.5
     Lair:4 |    3896 |       0 |   0.0 |      17 |       0 |   0.0
     Lair:5 |   14612 |   10222 |  41.2 |      48 |      44 |  47.8
    Swamp:1 |    1726 |       0 |   0.0 |       2 |       0 |   0.0
      Orc:1 |    2229 |     636 |  22.2 |      27 |       3 |  10.0
      Orc:2 |    1478 |    7362 |  83.3 |      17 |      22 |  56.4
      Sewer |       0 |     256 | 100.0 |       0 |      39 | 100.0
   Gauntlet |       0 |    5051 | 100.0 |       0 |      11 | 100.0
            +---------+---------+-------+---------+---------+-------
